[Event "German Masters Frauen 2019"]
[Site "Magdeburg"]
[Date "2019.05.26"]
[Round "1.1"]
[White "Hoolt, Sarah"]
[Black "Osmanodja, Filiz"]
[Result "1-0"]
[ECO "A46"]
[WhiteElo "2321"]
[BlackElo "2260"]
[Annotator "NA RC"]
[PlyCount "115"]
[EventDate "2019.05.26"]
[EventType "tourn"]
[EventCountry "GER"]
[SourceTitle "playchess.com"]
[Source "ChessBase"]
[SourceQuality "1"]
[TimeControl "40/5400+30:1800+30"]

1. d4 Nf6 2. Nf3 d5 3. g3 c5 4. Bg2 cxd4 5. O-O g6 6. Nxd4 Bg7 7. c4 e5 8. Nf3 e4 9. Nd4 O-O 10. Na3 Nc6 11. cxd5 Qxd5 12. Nxc6 Qxc6 13. Bg5 Bg4 14. h3 Rad8 15. Qe1 Be6 16. Qc1 Qa6 17. Qf4 Nh5 18. Qxe4 Rd5 19. Bc1 Ra5 20. g4 f5 21. Qxb7 Qxb7 22. Bxb7 fxg4 23. Bd2 Ra4 24. Bc6 Ra6 25. Bb5 Rb6 26. hxg4 Bxg4 27. Bc3 Bxc3 28. bxc3 Nf4 29. f3 Bh3 30. Rfd1 Rf5 31. Bc4+ Kg7 32. Rab1 Rg5+ 33. Kf2 Bf5 34. Rxb6 axb6 35. Nb5 h5 36. Nd4 Bd7 37. Ke3 Ng2+ 38. Kd2 h4 39. Be6 Ba4 40. Rh1 Rg3 41. Bg4 Kf6 42. e3 Kg5 43. Rh2 Bd1 44. Bh3 Bxf3 45. Nxf3+ Rxf3 46. Rxg2+ Kh6 47. Bg4 Rf1 48. e4 Rh1 49. e5 h3 50. Re2 Kg7 51. Bf3 Ra1 52. Bd5 Kf8 53. Rh2 Rg1 54. Rxh3 Rg5 55. Re3 Ke7 56. Kd3 Rh5 57. Kc4 Rh2 58. Kb5 1-0

[Event "German Masters Frauen 2019"]
[Site "Magdeburg"]
[Date "2019.05.26"]
[Round "1.2"]
[White "Muetsch, Annmarie"]
[Black "Sieber, Fiona"]
[Result "1/2-1/2"]
[ECO "B51"]
[WhiteElo "2266"]
[BlackElo "2250"]
[Annotator "NA RC"]
[PlyCount "115"]
[EventDate "2019.05.26"]
[EventType "tourn"]
[EventCountry "GER"]
[SourceTitle "playchess.com"]
[Source "ChessBase"]
[SourceQuality "1"]
[TimeControl "40/5400+30:1800+30"]

1. e4 c5 2. Nf3 d6 3. Bb5+ Nd7 4. Ba4 Ngf6 5. O-O a6 6. c4 g6 7. d3 Bg7 8. h3 O-O 9. Nc3 Rb8 10. Be3 Qa5 11. Bd2 Qc7 12. Rb1 Ne5 13. Nxe5 dxe5 14. Qe2 Qd6 15. Be3 b6 16. a3 Nh5 17. Rfd1 Nf4 18. Qf3 f5 19. b4 Bb7 20. bxc5 bxc5 21. Bxf4 exf4 22. Nd5 e6 23. Rb6 Qe5 24. Ne7+ Kf7 25. Nc6 Bxc6 26. Rxc6 Rb2 27. Rxa6 Qc7 28. exf5 gxf5 29. Qh5+ Kg8 30. Rxe6 Bd4 31. Re2 Rxe2 32. Qxe2 Ra8 33. Qe6+ Qf7 34. Qc6 Rd8 35. Re1 Qf6 36. Qxf6 Bxf6 37. Re8+ Kf7 38. Rxd8 Bxd8 39. Bd7 Kf6 40. Kf1 Ke5 41. Ke2 h6 42. Kd2 Ba5+ 43. Kc2 f3 44. gxf3 f4 45. h4 Be1 46. h5 Bxf2 47. Kd2 Bh4 48. Kc3 Be1+ 49. Kb3 Bd2 50. Kc2 Ba5 51. Kd1 Bc3 52. Ke2 Bb2 53. a4 Bc3 54. Bc6 Bb4 55. Be4 Bc3 56. Kf2 Bb4 57. Kg2 Bd2 58. Kf2 1/2-1/2

[Event "German Masters Frauen 2019"]
[Site "Magdeburg"]
[Date "2019.05.26"]
[Round "1.3"]
[White "Kachiani-Gersinska, Ketino"]
[Black "Lubbe, Melanie"]
[Result "1-0"]
[ECO "A04"]
[WhiteElo "2305"]
[BlackElo "2278"]
[Annotator "NA RC"]
[PlyCount "145"]
[EventDate "2019.05.26"]
[EventType "tourn"]
[EventCountry "GER"]
[SourceTitle "playchess.com"]
[Source "ChessBase"]
[SourceQuality "1"]
[TimeControl "40/5400+30:1800+30"]

1. Nf3 d6 2. d4 Nd7 3. g3 g6 4. Bg2 Bg7 5. O-O e5 6. dxe5 dxe5 7. Nc3 Ngf6 8. Bg5 h6 9. Be3 O-O 10. h3 Qe7 11. Qc1 Kh7 12. Rd1 Nb6 13. Nd2 Rd8 14. Nb3 Rxd1+ 15. Qxd1 c6 16. Bc5 Qe8 17. Nd2 Be6 18. Qe1 Nfd7 19. Bd6 a5 20. a4 Nd5 21. Na2 N7b6 22. e4 Ne7 23. b3 Qd7 24. Bc5 Nbc8 25. Rd1 b6 26. Nf3 Qc7 27. Ba3 b5 28. Bxe7 Qxe7 29. Nc3 Qc5 30. Qe3 Qxe3 31. fxe3 b4 32. Nb1 Ra7 33. Bf1 Rd7 34. Rxd7 Bxd7 35. Nbd2 Nd6 36. Nc4 Nxc4 37. Bxc4 f5 38. Nd2 Bf8 39. Kg2 Bc5 40. Bd3 Bxe3 41. Nc4 Bd4 42. Nxa5 Kg7 43. Nc4 Kf6 44. a5 f4 45. gxf4 exf4 46. e5+ Kf7 47. Nd6+ Ke6 48. Bxg6 Kxe5 49. Nc4+ Kf6 50. Be4 Kg5 51. Nd6 Bc5 52. a6 Kf6 53. Bf3 Ke5 54. Nf7+ Kd4 55. Nxh6 Bc8 56. h4 Bxa6 57. Bxc6 Kc3 58. Kf3 Kxc2 59. Bd5 Kd2 60. Nf5 Be3 61. Nd6 Be2+ 62. Kg2 Bg4 63. Ne4+ Ke2 64. Ng5 Bf2 65. Nf3 Ke3 66. Ne5 Bh5 67. Bf3 Bxf3+ 68. Nxf3 Ke2 69. h5 Bc5 70. h6 Bf8 71. Nd4+ Kd3 72. h7 Bg7 73. Ne6 {[%emt 0:00:13] Kd4} 1-0

[Event "German Masters Frauen 2019"]
[Site "Magdeburg"]
[Date "2019.05.26"]
[Round "1.4"]
[White "Heinemann, Josefine"]
[Black "Klek, Hanna Marie"]
[Result "1/2-1/2"]
[ECO "C88"]
[WhiteElo "2227"]
[BlackElo "2325"]
[Annotator "NA"]
[PlyCount "73"]
[EventDate "2019.05.26"]
[EventType "tourn"]
[EventCountry "GER"]
[SourceTitle "playchess.com"]
[Source "ChessBase"]
[SourceQuality "1"]
[TimeControl "40/5400+30:1800+30"]

1. e4 e5 2. Nf3 Nc6 3. Bb5 a6 4. Ba4 Nf6 5. O-O Be7 6. Re1 b5 7. Bb3 d6 8. c3 Na5 9. Bc2 c5 10. h3 g5 11. Nxg5 Rg8 12. d4 h6 13. dxe5 dxe5 14. Qxd8+ Bxd8 15. Nf3 Bxh3 16. g3 Ng4 17. Nh2 h5 18. Nxg4 Bxg4 19. Kg2 Be6 20. Nd2 h4 21. Nf1 Bg5 22. Bxg5 Rxg5 23. a3 Nc4 24. b4 Ke7 25. a4 bxa4 26. Rxa4 Bd7 27. Ra2 cxb4 28. cxb4 hxg3 29. Nxg3 Nd6 30. Bd3 Rb8 31. Rxa6 Rxb4 32. Ra7 Rd4 33. Re3 Nc8 34. Rb7 Nd6 35. Ra7 Nc8 36. Rb7 Nd6 37. Ra7 1/2-1/2

[Event "German Masters Frauen 2019"]
[Site "Magdeburg"]
[Date "2019.05.27"]
[Round "2.1"]
[White "Osmanodja, Filiz"]
[Black "Klek, Hanna Marie"]
[Result "0-1"]
[ECO "B12"]
[WhiteElo "2260"]
[BlackElo "2325"]
[Annotator "NA RC"]
[PlyCount "82"]
[EventDate "2019.05.26"]
[EventType "tourn"]
[EventCountry "GER"]
[SourceTitle "playchess.com"]
[Source "ChessBase"]
[SourceQuality "1"]
[TimeControl "40/5400+30:1800+30"]

1. e4 c6 2. d4 d5 3. e5 Bf5 4. Nc3 a6 5. h4 c5 6. dxc5 d4 7. Nce2 Nc6 8. Ng3 Qa5+ 9. Qd2 Qxc5 10. Nxf5 Qxe5+ 11. Ne3 Nf6 12. Nf3 dxe3 13. Qxe3 Qd5 14. c4 Qd7 15. Be2 Ng4 16. Qb6 e6 17. O-O Bd6 18. Rd1 Qe7 19. Bg5 f6 20. Rxd6 Qxd6 21. c5 Qe7 22. Bf4 e5 23. Bg3 O-O 24. Nd2 Nh6 25. Bf3 Kh8 26. Nc4 Nf5 27. Be4 Nfd4 28. Nd6 f5 29. Bxc6 bxc6 30. f3 a5 31. Re1 Rfb8 32. Rxe5 Qd7 33. Nc4 Rxb6 34. Nxb6 Qd8 35. Nxa8 Qxa8 36. Bf2 Qd8 37. Kh1 h6 38. Re1 Nb5 39. a4 Nc7 40. Bg3 f4 41. Bf2 Qd2 0-1

[Event "German Masters Frauen 2019"]
[Site "Magdeburg"]
[Date "2019.05.28"]
[Round "3.1"]
[White "Muetsch, Annmarie"]
[Black "Osmanodja, Filiz"]
[Result "1-0"]
[ECO "C41"]
[WhiteElo "2266"]
[BlackElo "2260"]
[Annotator "ChessBase"]
[PlyCount "79"]
[EventDate "2019.05.26"]
[EventType "tourn"]
[EventCountry "GER"]
[SourceTitle "playchess.com"]
[Source "ChessBase"]
[SourceQuality "1"]
[TimeControl "40/5400+30:1800+30"]

1. e4 d6 2. d4 Nf6 3. Nc3 e5 4. Nf3 Nbd7 5. Bc4 Be7 6. O-O O-O 7. a4 exd4 8. Nxd4 Ne5 9. Be2 c5 10. Nf3 Nc6 11. h3 h6 12. Bf4 Be6 13. Qd2 Nb4 14. Rad1 d5 15. exd5 Nfxd5 16. Nxd5 Qxd5 17. c3 Qxd2 18. Nxd2 Nd5 19. Bg3 Rad8 20. Nc4 f5 21. Be5 f4 22. Rfe1 g5 23. Na5 Nb6 24. c4 Bc8 25. Bf3 Rxd1 26. Rxd1 Nxa4 27. b3 Nb6 28. Bxb7 Bxb7 29. Nxb7 Rf5 30. Bb8 Nc8 31. Rd7 Rf8 32. Bxa7 Nxa7 33. Rxe7 Nc6 34. Rc7 Nd4 35. Nxc5 Ra8 36. Rd7 Ra1+ 37. Kh2 Ne2 38. Ne4 Rb1 39. c5 Rxb3 40. c6 1-0

[Event "German Masters Frauen 2019"]
[Site "Magdeburg"]
[Date "2019.05.28"]
[Round "3.2"]
[White "Kachiani-Gersinska, Ketino"]
[Black "Hoolt, Sarah"]
[Result "1/2-1/2"]
[ECO "B38"]
[WhiteElo "2305"]
[BlackElo "2321"]
[Annotator "ChessBase"]
[PlyCount "84"]
[EventDate "2019.05.26"]
[EventType "tourn"]
[EventCountry "GER"]
[SourceTitle "playchess.com"]
[Source "ChessBase"]
[SourceQuality "1"]
[TimeControl "40/5400+30:1800+30"]

1. c4 c5 2. Nf3 g6 3. d4 cxd4 4. Nxd4 Bg7 5. e4 Nc6 6. Be3 Nf6 7. Nc3 d6 8. Be2 O-O 9. f3 Bd7 10. Qd2 Nxd4 11. Bxd4 Bc6 12. Rc1 a5 13. b3 Nd7 14. O-O Nc5 15. Bxg7 Kxg7 16. Rfd1 Qb6 17. Qd4+ e5 18. Qe3 Rad8 19. Rd2 Rd7 20. Rcd1 Rfd8 21. Rb1 Qb4 22. Kf2 Rf8 23. Kg1 Ne6 24. Nd5 Bxd5 25. Rxd5 Nd4 26. c5 Rfd8 27. cxd6 Rxd6 28. Bc4 b5 29. Rxd6 Qxd6 30. Bd5 Rc8 31. a4 Rc2 32. Kh1 b4 33. Bc4 Ne6 34. Qa7 Kf6 35. Rg1 Qc7 36. Qa6 Rd2 37. Bd5 Qc5 38. Bxe6 fxe6 39. Qa8 Kg7 40. Qb7+ Kg8 41. Qa8+ Kg7 42. Qb7+ Kg8 1/2-1/2

[Event "German Masters Frauen 2019"]
[Site "Magdeburg"]
[Date "2019.05.28"]
[Round "3.3"]
[White "Heinemann, Josefine"]
[Black "Sieber, Fiona"]
[Result "1/2-1/2"]
[ECO "B52"]
[WhiteElo "2227"]
[BlackElo "2250"]
[Annotator "ChessBase"]
[PlyCount "31"]
[EventDate "2019.05.26"]
[EventType "tourn"]
[EventCountry "GER"]
[SourceTitle "playchess.com"]
[Source "ChessBase"]
[SourceQuality "1"]
[TimeControl "40/5400+30:1800+30"]

1. e4 c5 2. Nf3 d6 3. Bb5+ Bd7 4. Bxd7+ Qxd7 5. c4 Nf6 6. Nc3 g6 7. d4 cxd4 8. Nxd4 Bg7 9. h3 Qc7 10. Be3 Qxc4 11. Rc1 Na6 12. Ncb5 Qxa2 13. Ra1 Qc4 14. Rc1 Qa2 15. Ra1 Qc4 16. Rc1 1/2-1/2

[Event "German Masters Frauen 2019"]
[Site "Magdeburg"]
[Date "2019.05.29"]
[Round "4.1"]
[White "Osmanodja, Filiz"]
[Black "Lubbe, Melanie"]
[Result "1-0"]
[ECO "B24"]
[WhiteElo "2260"]
[BlackElo "2278"]
[Annotator "ChessBase"]
[PlyCount "173"]
[EventDate "2019.05.26"]
[EventType "tourn"]
[EventCountry "GER"]
[SourceTitle "playchess.com"]
[Source "ChessBase"]
[SourceQuality "1"]
[TimeControl "40/5400+30:1800+30"]

1. e4 c5 2. Nc3 Nc6 3. Bb5 Nd4 4. Bc4 e6 5. Nge2 a6 6. a4 Ne7 7. O-O Nec6 8. f4 Be7 9. d3 O-O 10. Be3 Rb8 11. Ng3 Nb4 12. Bxd4 cxd4 13. Nce2 d5 14. Bb3 dxe4 15. Nxe4 b6 16. N2g3 Nd5 17. Bxd5 Qxd5 18. Nh5 f5 19. Nd2 g6 20. Ng3 e5 21. fxe5 Qxe5 22. Re1 Qc7 23. Nf3 Bf6 24. Ne2 Qd6 25. Qd2 Bd7 26. Qf4 Qxf4 27. Nxf4 Rfe8 28. Nd5 Bg7 29. b3 Kf8 30. Rxe8+ Bxe8 31. Nc7 Bf7 32. Nxa6 Rc8 33. Ra2 Bf6 34. Nd2 Rc6 35. Nc4 Re6 36. Kf1 Bd8 37. Ra1 Rc6 38. Nb4 Rf6 39. Ne5 Be8 40. Nf3 Rd6 41. Ne5 g5 42. h3 h5 43. Nc4 Re6 44. Re1 Rxe1+ 45. Kxe1 b5 46. axb5 Bxb5 47. Na2 Ke7 48. Nc1 Ke6 49. Ne2 Bf6 50. h4 gxh4 51. Nf4+ Kd7 52. Nxh5 Bh8 53. Nf4 Bg7 54. Ng6 Bf6 55. Nce5+ Kd6 56. Nf3 Be8 57. Ngxh4 Ke6 58. g3 Bh5 59. Kf2 Bg7 60. Ng2 Be8 61. Nf4+ Kd6 62. Ne2 Kc5 63. Nh4 Bd7 64. Kf3 Be5 65. Ng6 Bc6+ 66. Kf2 Bf6 67. Ngf4 Bd7 68. Ke1 Be5 69. Kd2 Kb4 70. Ng6 Bf6 71. Nef4 Kc5 72. Kc1 Bc6 73. Kb2 Bf3 74. Ka3 Kd6 75. b4 Bc6 76. Kb3 Bb5 77. Nh4 Bxh4 78. gxh4 Ke5 79. h5 Be8 80. h6 Bf7+ 81. Kb2 Bg8 82. b5 Kd6 83. Ka3 Kc5 84. Ka4 Kb6 85. Nh5 Bh7 86. Nf6 f4 87. Nd5+ 1-0

[Event "German Masters Frauen 2019"]
[Site "Magdeburg"]
[Date "2019.05.29"]
[Round "4.2"]
[White "Sieber, Fiona"]
[Black "Klek, Hanna Marie"]
[Result "1/2-1/2"]
[ECO "B12"]
[WhiteElo "2250"]
[BlackElo "2325"]
[Annotator "RC"]
[PlyCount "127"]
[EventDate "2019.05.26"]
[EventType "tourn"]
[EventCountry "GER"]
[SourceTitle "playchess.com"]
[Source "ChessBase"]
[SourceQuality "1"]
[TimeControl "40/5400+30:1800+30"]

1. e4 c6 2. d4 d5 3. e5 Bf5 4. Nf3 e6 5. Be2 Nd7 6. O-O Ne7 7. Nh4 c5 8. c3 Be4 9. Nd2 Nc6 10. Nxe4 dxe4 11. g3 Qb6 12. Be3 Rd8 13. b4 cxd4 14. cxd4 Ndxe5 15. Qa4 Nd3 16. a3 Ke7 17. d5 Nd4 18. Bxd4 Qxd4 19. dxe6 fxe6 20. Rad1 Rd5 21. Ng2 g5 22. Ne3 Rd7 23. Rfe1 Kd8 24. Qb3 Bg7 25. Qxe6 Re8 26. Qg4 Bf6 27. Qf5 Qe5 28. Bg4 Qxf5 29. Bxf5 Rd6 30. Re2 Kc7 31. Ng4 Bd4 32. Bxe4 h5 33. Bxd3 Rxe2 34. Bxe2 hxg4 35. Bxg4 b5 36. Rd2 Bf6 37. Re2 Rd3 38. Re6 Rd6 39. Re8 Rd8 40. Rxd8 Bxd8 41. Kf1 Bf6 42. Ke2 Bb2 43. Kd3 Bxa3 44. Kc3 Bc1 45. h4 gxh4 46. gxh4 Bh6 47. h5 Kd6 48. Be2 Bg7+ 49. Kb3 Kc6 50. Kc2 Bf8 51. Kc3 Bg7+ 52. Kd3 Kd5 53. Bg4 Bf8 54. Bf3+ Ke5 55. Kc3 Kf4 56. Be2 Kg5 57. Bd1 Bd6 58. Bf3 Kh6 59. Be2 Kg5 60. Bxb5 Kxh5 61. Be2+ Kg5 62. Kc4 Bc7 63. Kd5 Kf4 64. f3 1/2-1/2

[Event "German Masters Frauen 2019"]
[Site "Magdeburg"]
[Date "2019.05.29"]
[Round "4.4"]
[White "Muetsch, Annmarie"]
[Black "Kachiani-Gersinska, Ketino"]
[Result "0-1"]
[ECO "B11"]
[WhiteElo "2266"]
[BlackElo "2305"]
[Annotator "ChessBase"]
[PlyCount "120"]
[EventDate "2019.05.26"]
[EventType "tourn"]
[EventCountry "GER"]
[SourceTitle "playchess.com"]
[Source "ChessBase"]
[SourceQuality "1"]
[TimeControl "40/5400+30:1800+30"]

1. e4 c6 2. Nc3 d5 3. Nf3 Bg4 4. h3 Bxf3 5. Qxf3 e6 6. d3 Nd7 7. Bd2 Qb6 8. O-O-O Ngf6 9. g4 h6 10. Qe2 d4 11. Nb1 Qa6 12. a3 Nb6 13. h4 Na4 14. Bh3 Qb5 15. b3 Nc5 16. g5 Nfxe4 17. b4 Nxd2 18. Rxd2 hxg5 19. hxg5 Na4 20. g6 Qd5 21. gxf7+ Kd8 22. Qe4 Qxe4 23. dxe4 Bd6 24. Rxd4 Ke7 25. e5 Bxe5 26. Re4 Bb2+ 27. Kd2 Rad8+ 28. Ke2 Rh6 29. c4 Kxf7 30. Bg2 Rxh1 31. Bxh1 Bf6 32. c5 Nb2 33. Nd2 Na4 34. Nb1 Rh8 35. Bf3 Rd8 36. Bg4 e5 37. Re3 a5 38. Nd2 axb4 39. axb4 Rd4 40. Bc8 Rxb4 41. Rb3 Rb5 42. Rxb5 cxb5 43. Nb3 Be7 44. Bxb7 Nxc5 45. Nxc5 Bxc5 46. f3 Ke6 47. Kd3 Kf5 48. Bc6 b4 49. Bd5 Kf4 50. Ke2 g5 51. Kd3 Bf8 52. Ke2 Bd6 53. Kf2 e4 54. Bxe4 g4 55. Ke2 g3 56. Bd5 Bc5 57. Kf1 Bd6 58. Ke2 Ke5 59. Bf7 Kd4 60. Be6 Bf4 0-1

[Event "German Masters Frauen 2019"]
[Site "Magdeburg"]
[Date "2019.05.30"]
[Round "5.1"]
[White "Kachiani-Gersinska, Ketino"]
[Black "Osmanodja, Filiz"]
[Result "1/2-1/2"]
[ECO "A06"]
[WhiteElo "2305"]
[BlackElo "2260"]
[Annotator "ChessBase"]
[PlyCount "103"]
[EventDate "2019.05.26"]
[EventType "tourn"]
[EventCountry "GER"]
[SourceTitle "playchess.com"]
[Source "ChessBase"]
[SourceQuality "1"]
[TimeControl "40/5400+30:1800+30"]

1. Nf3 d5 2. g3 g6 3. Bg2 Bg7 4. d4 c5 5. c3 Nf6 6. O-O Ne4 7. dxc5 Nxc5 8. Be3 Ne4 9. Nbd2 Nf6 10. Nb3 O-O 11. Qc1 Ng4 12. Bg5 Nc6 13. h3 Nf6 14. Bh6 e5 15. Rd1 a5 16. a4 Re8 17. Bg5 Qb6 18. Ra3 Ne4 19. Be3 Qd8 20. Nfd2 Nf6 21. Nf3 Qc7 22. Ra1 b6 23. Bh6 Ba6 24. Bxg7 Kxg7 25. Re1 e4 26. Nfd4 e3 27. f4 h5 28. Rf1 h4 29. g4 Ne4 30. Nxc6 Qxc6 31. Qxe3 Ng3 32. Qd4+ Kg8 33. Qxd5 Qxd5 34. Bxd5 Rad8 35. Bf3 Bxe2 36. Bxe2 Rxe2 37. Rf2 Rde8 38. Nd4 Re1+ 39. Rxe1 Rxe1+ 40. Kg2 Ra1 41. Nf3 Rxa4 42. Nxh4 Ne4 43. Re2 Nd6 44. f5 gxf5 45. Rd2 Nc4 46. Rd8+ Kh7 47. b3 Ra2+ 48. Kg3 Rd2 49. Rb8 Rd3+ 50. Kf4 Ne3 51. Nxf5 Nxf5 52. Ke4 1/2-1/2

[Event "German Masters Frauen 2019"]
[Site "Magdeburg"]
[Date "2019.05.30"]
[Round "5.2"]
[White "Heinemann, Josefine"]
[Black "Muetsch, Annmarie"]
[Result "1-0"]
[ECO "B48"]
[WhiteElo "2227"]
[BlackElo "2266"]
[Annotator "ChessBase"]
[PlyCount "97"]
[EventDate "2019.05.26"]
[EventType "tourn"]
[EventCountry "GER"]
[SourceTitle "playchess.com"]
[Source "ChessBase"]
[SourceQuality "1"]
[TimeControl "40/5400+30:1800+30"]

1. e4 c5 2. Nf3 e6 3. d4 cxd4 4. Nxd4 Nc6 5. Nc3 Qc7 6. Be3 a6 7. Qf3 Ne5 8. Qg3 b5 9. O-O-O Nf6 10. f4 Neg4 11. Bg1 h5 12. e5 b4 13. Nb1 Nd5 14. h3 Nh6 15. Bd3 g6 16. Nd2 Nf5 17. Nxf5 gxf5 18. Kb1 h4 19. Qf2 a5 20. Nb3 a4 21. Nd4 a3 22. Nb5 Qa5 23. Bc4 Bb7 24. b3 Rc8 25. Nd6+ Bxd6 26. Bxd5 Bxd5 27. exd6 f6 28. Rd2 Qb5 29. Qe1 Kf7 30. Be3 Qc6 31. Qf2 Be4 32. Rg1 Rhg8 33. Qe2 Rg3 34. Bd4 Rg6 35. Qd1 Qb5 36. Qh5 e5 37. fxe5 fxe5 38. Ba1 Rxc2 39. Rxc2 Bxc2+ 40. Kxc2 Qc5+ 41. Kd2 Qf2+ 42. Kd3 e4+ 43. Kc4 Qc2+ 44. Kxb4 Qd2+ 45. Ka4 Qxd6 46. Qxf5+ Kg8 47. Bc3 Qc6+ 48. Kxa3 d5 49. Kb2 1-0

[Event "German Masters Frauen 2019"]
[Site "Magdeburg"]
[Date "2019.05.30"]
[Round "5.3"]
[White "Klek, Hanna Marie"]
[Black "Hoolt, Sarah"]
[Result "0-1"]
[ECO "C02"]
[WhiteElo "2325"]
[BlackElo "2321"]
[Annotator "ChessBase"]
[PlyCount "72"]
[EventDate "2019.05.26"]
[EventType "tourn"]
[EventCountry "GER"]
[SourceTitle "playchess.com"]
[Source "ChessBase"]
[SourceQuality "1"]
[TimeControl "40/5400+30:1800+30"]

1. e4 e6 2. d4 d5 3. e5 c5 4. c3 Nc6 5. Nf3 Bd7 6. Be2 Nge7 7. O-O Ng6 8. Be3 Rc8 9. Kh1 cxd4 10. cxd4 f6 11. exf6 Qxf6 12. Qd2 Bd6 13. Nc3 O-O 14. Rfe1 Nf4 15. Bf1 Be8 16. g3 Bh5 17. Ng1 Ng6 18. Bh3 Rce8 19. a3 Nge7 20. Bg5 Qxf2 21. Qxf2 Rxf2 22. Rxe6 Nxd4 23. Rxd6 Bf3+ 24. Nxf3 Nxf3 25. Bg2 Nxg5 26. Re1 Kf8 27. b4 Nf3 28. Rf1 Rxf1+ 29. Bxf1 Rc8 30. Ne2 Rc2 31. Kg2 Ng5 32. Rd7 Nf5 33. h4 Ne4 34. Kf3 Nfd6 35. Bh3 Ra2 36. Nd4 Rf2+ 0-1

[Event "German Masters Frauen 2019"]
[Site "Magdeburg"]
[Date "2019.05.30"]
[Round "5.4"]
[White "Lubbe, Melanie"]
[Black "Sieber, Fiona"]
[Result "1-0"]
[ECO "B58"]
[WhiteElo "2278"]
[BlackElo "2250"]
[Annotator "ChessBase"]
[PlyCount "89"]
[EventDate "2019.05.26"]
[EventType "tourn"]
[EventCountry "GER"]
[SourceTitle "playchess.com"]
[Source "ChessBase"]
[SourceQuality "1"]
[TimeControl "40/5400+30:1800+30"]

1. e4 c5 2. Nf3 d6 3. d4 cxd4 4. Nxd4 Nf6 5. Nc3 Nc6 6. Be2 e5 7. Nf3 h6 8. O-O Be7 9. Re1 O-O 10. h3 a6 11. Bf1 Qc7 12. Nh2 Bd8 13. Be3 Be6 14. Nd5 Bxd5 15. exd5 Ne7 16. c4 b5 17. Ng4 Nxg4 18. hxg4 f5 19. cxb5 f4 20. Bd2 axb5 21. Bxb5 Qc5 22. a4 Bb6 23. Qf3 Ng6 24. Rf1 Nh4 25. Qe4 Qc8 26. Be2 Rf6 27. Ra3 Qd7 28. a5 Bd4 29. b4 Raf8 30. Rh3 Ng6 31. b5 Ne7 32. b6 Qa4 33. Kh1 Qa2 34. Rd3 Nxd5 35. Rc1 Nxb6 36. Rxd4 exd4 37. Qxd4 Re6 38. Bf3 Qa4 39. Qxb6 Kh8 40. a6 Qa2 41. Bc3 Ree8 42. a7 Rg8 43. Qd4 Qe6 44. Ra1 d5 45. a8=Q 1-0

[Event "German Masters Frauen 2019"]
[Site "Magdeburg"]
[Date "2019.05.31"]
[Round "6.1"]
[White "Osmanodja, Filiz"]
[Black "Sieber, Fiona"]
[Result "1-0"]
[ECO "B90"]
[WhiteElo "2260"]
[BlackElo "2250"]
[Annotator "ChessBase"]
[PlyCount "51"]
[EventDate "2019.05.26"]
[EventType "tourn"]
[EventCountry "GER"]
[SourceTitle "playchess.com"]
[Source "ChessBase"]
[SourceQuality "1"]
[TimeControl "40/5400+30:1800+30"]

1. e4 c5 2. Nf3 d6 3. d4 cxd4 4. Nxd4 Nf6 5. Nc3 a6 6. h3 e6 7. g4 Be7 8. Be3 b5 9. g5 Nfd7 10. h4 b4 11. Nce2 Bb7 12. Bg2 Nc5 13. Ng3 Nbd7 14. f4 Na4 15. f5 Nxb2 16. Qc1 e5 17. Qxb2 exd4 18. Bxd4 f6 19. Qb3 Ne5 20. Nh5 Bf8 21. gxf6 gxf6 22. Qe6+ Be7 23. Bxe5 Bc8 24. Nxf6+ Kf8 25. Nd7+ Bxd7 26. Qh6+ 1-0

[Event "German Masters Frauen 2019"]
[Site "Magdeburg"]
[Date "2019.05.31"]
[Round "6.2"]
[White "Hoolt, Sarah"]
[Black "Lubbe, Melanie"]
[Result "1-0"]
[ECO "A45"]
[WhiteElo "2321"]
[BlackElo "2278"]
[Annotator "ChessBase"]
[PlyCount "155"]
[EventDate "2019.05.26"]
[EventType "tourn"]
[EventCountry "GER"]
[SourceTitle "playchess.com"]
[Source "ChessBase"]
[SourceQuality "1"]
[TimeControl "40/5400+30:1800+30"]

1. d4 Nf6 2. Bf4 g6 3. Nc3 Bg7 4. e4 d6 5. Qd2 a6 6. Bh6 Bxh6 7. Qxh6 e5 8. dxe5 dxe5 9. Bc4 Be6 10. Bxe6 fxe6 11. Rd1 Qe7 12. Nf3 Nbd7 13. Qe3 O-O-O 14. Qa7 Qc5 15. Qxc5 Nxc5 16. Rxd8+ Rxd8 17. Ng5 Rd4 18. f3 c6 19. Nf7 Ncd7 20. Ne2 Ra4 21. a3 b5 22. Kd2 c5 23. g4 b4 24. axb4 cxb4 25. h4 h5 26. gxh5 gxh5 27. Rg1 Kc7 28. Rg5 Ra1 29. Nc1 Ra5 30. Nd3 Ra1 31. Nxb4 Rh1 32. Nxa6+ Kb6 33. Nb4 Rxh4 34. Nxe5 Rh2+ 35. Ke3 h4 36. Nc4+ Kc7 37. e5 Nh7 38. Rh5 Nhf8 39. Nd2 Ng6 40. Nd3 Ne7 41. Ne4 Rxc2 42. Rh7 Nf5+ 43. Kf4 Kd8 44. Nd6 Ne7 45. b4 Ng6+ 46. Ke4 Re2+ 47. Kd4 Ngxe5 48. Nxe5 Nxe5 49. f4 Ng6 50. Kc5 Nxf4 51. Rxh4 Rc2+ 52. Nc4 Nd3+ 53. Kd6 Kc8 54. b5 Nb2 55. Na5 Rd2+ 56. Kc6 Rc2+ 57. Kb6 e5 58. Ka6 Nd3 59. Nc4 Nc5+ 60. Kb6 Nd7+ 61. Kc6 Nb8+ 62. Kd6 Nd7 63. Kd5 Kc7 64. Rh7 Rc1 65. b6+ Kd8 66. Rh8+ Ke7 67. b7 Rb1 68. Kc6 Rc1 69. Rh7+ Ke6 70. Rxd7 Rxc4+ 71. Kb5 Rc1 72. Rd6+ Kf5 73. Rb6 Rb1+ 74. Kc6 Rc1+ 75. Kd7 Rd1+ 76. Ke7 Rh1 77. b8=Q Rh7+ 78. Kd6 1-0

[Event "German Masters Frauen 2019"]
[Site "Magdeburg"]
[Date "2019.05.31"]
[Round "6.3"]
[White "Muetsch, Annmarie"]
[Black "Klek, Hanna Marie"]
[Result "1-0"]
[ECO "B11"]
[WhiteElo "2266"]
[BlackElo "2325"]
[Annotator "ChessBase"]
[PlyCount "49"]
[EventDate "2019.05.26"]
[EventType "tourn"]
[EventCountry "GER"]
[SourceTitle "playchess.com"]
[Source "ChessBase"]
[SourceQuality "1"]
[TimeControl "40/5400+30:1800+30"]

1. e4 c6 2. Nc3 d5 3. Nf3 Bg4 4. h3 Bxf3 5. Qxf3 Nf6 6. d3 e6 7. Qg3 d4 8. Nb1 Nbd7 9. Be2 e5 10. O-O h5 11. f4 Bd6 12. fxe5 Bxe5 13. Bf4 Bxf4 14. Qxf4 Qe7 15. Nd2 Ne5 16. Nf3 Nxf3+ 17. Bxf3 O-O-O 18. e5 Ne8 19. Bxh5 g5 20. Qxf7 Qxe5 21. Rae1 Qc5 22. Rf5 Qxc2 23. Qe6+ Kb8 24. Qe5+ Nd6 25. Rf6 1-0

[Event "German Masters Frauen 2019"]
[Site "Magdeburg"]
[Date "2019.05.31"]
[Round "6.4"]
[White "Kachiani-Gersinska, Ketino"]
[Black "Heinemann, Josefine"]
[Result "1/2-1/2"]
[ECO "A34"]
[WhiteElo "2305"]
[BlackElo "2227"]
[Annotator "ChessBase"]
[PlyCount "81"]
[EventDate "2019.05.26"]
[EventType "tourn"]
[EventCountry "GER"]
[SourceTitle "playchess.com"]
[Source "ChessBase"]
[SourceQuality "1"]
[TimeControl "40/5400+30:1800+30"]

1. c4 c5 2. Nf3 Nf6 3. Nc3 d5 4. cxd5 Nxd5 5. e4 Nb4 6. Bb5+ Bd7 7. a3 N4c6 8. d4 cxd4 9. Nxd4 Nxd4 10. Qxd4 Bxb5 11. Qxd8+ Kxd8 12. Nxb5 a6 13. Nc3 e6 14. Bg5+ f6 15. Rd1+ Ke8 16. Be3 Nd7 17. Na4 Rd8 18. Ke2 Be7 19. Nb6 Nxb6 20. Bxb6 Rd6 21. Ba5 Kf7 22. Rc1 Bd8 23. Bb4 Rd7 24. Rhd1 Ke8 25. Bd6 Be7 26. e5 Kf7 27. Bxe7 Kxe7 28. Rxd7+ Kxd7 29. Rd1+ Ke7 30. exf6+ gxf6 31. Rc1 Kd6 32. Rc4 Rg8 33. g3 Rg7 34. Rh4 Rc7 35. Kd3 f5 36. Rd4+ Ke5 37. f4+ Kf6 38. Rd6 h5 39. Rb6 Rh7 40. Ke3 h4 41. Kf3 {[%emt 0:30:35] Ke5 Ke4+} 1/2-1/2